Unix NetHack Version 3.7.0-89 Work-in-progress - last build Sep 7 2023 15:16:41 (8494bff02b67719303c47e298deaa89034127798,branch:master). Game began 2023-09-10 23:14:40, ended 2023-09-10 23:18:35. Stella, chaotic female human Rogue -------------- |...>..@.....| |......G...F.| |......o.....+ -------.------ ## ## )## ----%---- |...%...| |.......| |...%\... |.......| |.......| --------- Stella the Cutpurse St:14 Dx:18 Co:13 In:11 Wi:9 Ch:10 Chaotic Dlvl:5 $:133 HP:0(27) Pw:12(12) AC:6 Exp:3 T:705 Latest messages: The orcish dagger hits it. You miss it. You hit it. You hit it. The dwarf king hits! The dwarf king hits again! You begin praying to Kos. You are surrounded by a shimmering light. The hobgoblin wields a curved sword! The dwarf king starts to attack you, but pulls back. You finish your prayer. You feel that Kos is pleased. You feel much better. You hit it. The dwarf king hits! The dwarf king hits again! You hit it. The dwarf king jumps into a hole! What do you want to throw? [$lo or ?*] In what direction? You kill the hobgoblin! Suddenly, the goblin falls into a hole. You see here a hilted polearm. $ - 5 gold pieces You hear a nearby zap. You hear something crash through the ground. You stop searching. You hit it. You hit it. You have no ammunition readied. What do you want to fire? [- $o or ?*] You don't have that object. What do you want to fire? [- $o or ?*] You kill the newt! There is a doorway here. You see here a newt corpse. You don't know any spells right now. You stop searching. Pick an object. The orcish dagger misses it. You are hit. There is nothing here to pick up. You see here an orcish dagger. t - an orcish dagger. The gnome hits! You hit it. You miss it. The gnome hits! You die... Do you want to see the dungeon overview? [ynq] (y) Inventory: Coins $ - 133 gold pieces Weapons b - a +0 dagger (weapon in hand) o - a +0 dagger t - a +0 orcish dagger Armor n - an uncursed +0 orcish helm (being worn) c - an uncursed +1 leather armor (being worn) Comestibles m - an uncursed fafafa i - an uncursed food ration Scrolls h - 2 uncursed scrolls of identify k - a cursed scroll of light Spellbooks p - an uncursed spellbook of cure sickness Potions s - an uncursed potion of booze q - an uncursed potion of hallucination d - an uncursed potion of sickness r - an uncursed potion of speed Tools f - an empty uncursed sack e - an uncursed lock pick Stella the Rogue's attributes: Background: You were a Cutpurse, a level 3 female human Rogue. You were chaotic, on a mission for Kos who was opposed by Issek (lawful) and Mog (neutral). You were in the Dungeons of Doom, on level 5. You entered the dungeon 705 turns ago. It was nighttime. You had 77 experience points, 3 more were needed to attain level 4. Basics: You had 0 out of 27 hit points. You had all 12 energy points (spell power). Your armor class was 6. Your wallet contained 133 zorkmids. Autopickup was on for '$?!/"=' plus thrown, with exceptions. Final Characteristics: Your strength was 14 (limit:18/100). Your dexterity was 18 (limit:18). Your constitution was 13 (limit:18). Your intelligence was 11 (limit:18). Your wisdom was 9 (limit:18). Your charisma was 10 (limit:18). Final Status: You were not hungry. You were unencumbered. You were wielding a dagger. You had basic skill with dagger. Final Attributes: You were fervently aligned. You were stealthy. You were warded. You are dead. Miscellaneous: You disabled loading of bones levels. Total elapsed playing time was 3 minutes and 55 seconds. Major events: Turn 1: Stella the chaotic female human Rogue entered the dungeon 613: attained the rank of Cutpurse (level 3) 705: killed by a gnome Vanquished creatures: a gnome leader a hobbit 2 large kobolds 3 hobgoblins a jackal a kobold 2 goblins 4 grid bugs 2 lichens 3 newts 20 creatures vanquished. No species were genocided or became extinct. Voluntary challenges: You went without food. You were illiterate. You never engraved Elbereth. You never had a pet. You never genocided any monsters. You never polymorphed an object. You never changed form. You used no wishes. Achievement: You attained the rank of Cutpurse. The Dungeons of Doom: levels 1 to 6 Level 1: A fountain, a grave. Level 2: A fountain. Level 3: Level 4: Level 5: <- You were here. A throne. Final resting place for you, killed by a gnome. Level 6: Game over: ---------- / \ / REST \ / IN \ / PEACE \ / \ | Stella | | 133 Au | | killed by a | | gnome | | | | | | 2023 | *| * * * | * _________)/\\_//(\/(/\)/\//\/|_)_______ Goodbye Stella the Rogue... You died in The Dungeons of Doom on dungeon level 5 with 688 points, and 133 pieces of gold, after 705 moves. You were level 3 with a maximum of 27 hit points when you died.